 Dungeon Crawl Stone Soup version 0.24.0-2-g5b39cebb1c (webtiles) character file.

Game seed: 16219285751883192140, levelgen mode: deterministic

11575 Mrkan the Cleaver (level 11, -14/101 HPs)
             Began as a Minotaur Fighter on Oct 29, 2019.
             Was a High Priest of Wu Jian.
             Demolished by a manticore (22 damage)
             ... on level 11 of the Dungeon.
             The game lasted 00:25:21 (9943 turns).

Mrkan the Cleaver (Minotaur Fighter)                Turns: 9943, Time: 00:25:22

Health: -14/101    AC:  0    Str: 23    XL:     11   Next: 51%
Magic:  10/10      EV: 17    Int:  5    God:    Wu Jian [*****.]
Gold:   730        SH:  0    Dex: 16    Spells: 10/10 levels left

rFire    . . .     SeeInvis .   (weapon currently unavailable)
rCold    . . .     Gourm    .   (shield currently unavailable)
rNeg     . . .     Faith    .   (armour currently unavailable)
rPois    .         Spirit   .   (helmet currently unavailable)
rElec    .         Reflect  .   (cloak currently unavailable)
rCorr    .         Harm     .   (gloves currently unavailable)
MR       .....                  (boots currently unavailable)
Stlth    +.........             e - amulet of the acrobat
HPRegen  0.26/turn              (ring currently unavailable)
MPRegen  0.12/turn              (ring currently unavailable)

@: bat-form (expiring), flying, very quick
A: tiny, (retaliatory headbutt)
a: Wall Jump, Serpent's Lash, Heavenly Storm, Renounce Religion


You were on level 11 of the Dungeon.
You worshipped Wu Jian.
Wu Jian was extremely pleased with you.
You were not hungry.
You were in bat-form.
You visited 1 branch of the dungeon, and saw 11 of its levels.

You collected 730 gold pieces.

Inventory:

Hand Weapons
 K - a +0 broad axe (melded)
Missiles
 p - a throwing net (quivered)
Armour
 u - a +0 pair of boots (melded)
 x - a +0 chain mail (melded)
 A - a +1 large shield (melded)
 H - a +0 cloak (melded)
Jewellery
 e - an amulet of the acrobat (around neck)
 C - a ring of protection from fire (melded)
 J - a ring of see invisible (melded)
Wands
 a - a wand of iceblast (7)
 d - a wand of paralysis (8)
 h - a wand of digging (4)
 D - a wand of disintegration (14)
Scrolls
 g - 2 scrolls of identify
 i - 2 scrolls of fear
 j - 2 scrolls of amnesia
 l - 5 scrolls of fog
 o - 3 scrolls of teleportation
 r - 4 scrolls of remove curse
 s - 2 scrolls of magic mapping
 B - 2 scrolls of enchant armour
Potions
 b - a potion of agility {unknown}
 c - 2 potions of lignification
 m - a potion of magic
 n - a potion of invisibility {unknown}
 t - a potion of haste {unknown}
 z - 5 potions of flight
 E - 2 potions of brilliance
 F - a potion of cancellation
 I - 4 potions of mutation
Comestibles
 f - 22 rations
 v - 7 chunks of flesh


   Skills:
 + Level 10.5 Fighting
 * Level 13.6 Axes
 + Level 10.5 Armour
 + Level 10.4 Shields


You had 10 spell levels left.
You didn't know any spells.
Your spell library contained the following spells:

 Spells                   Type           Power        Failure   Level  Hunger
 Animate Skeleton         Necr           N/A          47%         1    ##.....
 Apportation              Tloc           #.....       47%         1    ##.....
 Confusing Touch          Hex            #.....       47%         1    ##.....
 Pain                     Necr           #...         47%         1    ##.....
 Summon Small Mammal      Summ           #...         47%         1    ##.....
 Regeneration             Chrm/Necr      #.........   85%         3    ####...
 Vampiric Draining        Necr           #.........   85%         3    ####...
 Animate Dead             Necr           N/A          99%         4    #####..


Dungeon Overview and Level Annotations

Branches:
Dungeon (11/15)            Temple (0/1) D:6            Lair (0/6) D:9
    Orc: D:9-12

Altars:
Ashenzari
Dithmenos
Fedhas
Gozag
Hepliaklqana
Makhleb
Nemelex Xobeh
Qazlal
Trog
Wu Jian
Xom
Zin

Shops:
D:6 (   D:10 *


Innate Abilities, Weirdness & Mutations

((You reflexively headbutt those who attack you in melee.))
((You have a pair of horns on your head.))


Message History

The manticore bites you. The manticore claws you! x2
* * * LOW HITPOINT WARNING * * *
You hit the manticore but do no damage.
The manticore is heavily wounded.
The kobold demonologist is engulfed in seething chaos.
The manticore barely misses you. The manticore claws you.
* * * LOW HITPOINT WARNING * * *
The manticore claws you.
* * * LOW HITPOINT WARNING * * *
The orc warrior barely misses you.
You hit the manticore.
The manticore is heavily wounded.
The manticore bites you!
* * * LOW HITPOINT WARNING * * *
The manticore completely misses you. The manticore barely misses you.
You hit the manticore.
The manticore is heavily wounded.
Your transformation is almost over.
The orc warrior barely misses you. The manticore bites you!!
You die...

......4###H......#####
......###.##.........#
.....###.#.#.###.###.#
#..>###.###..###.# #.#
##+# #.## ##.....# #.#
##.###..##### #.#
##K#.#.# #.#
##H##.#######.# .
#b##.........#
....####.############
....oo.o.# #.########


You could see a manticore, a kobold demonologist and an orc warrior.

Vanquished Creatures
  A two-headed ogre (D:9)
  Pikel (D:8)
  An ugly thing (D:11)
  A manticore (D:9)
  Joseph (D:8)
  Maurice (D:7)
  An elephant (D:9)
  A gargoyle (D:10)
  Prince Ribbit (D:5)
  A troll (D:10)
  A meliai zombie (D:9)
  Sigmund (D:4)
  6 yaks
  A wraith (D:10)
  7 spriggans (D:10)
  2 basilisks (D:9)
  Grum (D:8)
  2 hungry ghosts (D:10)
  Duvessa (D:7)
  2 orc warriors
  2 ice beasts
  A sky beast (D:10)
  4 black bears
  A necrophage (D:9)
  7 ogres
  3 wolves (D:7)
  3 centaurs
  2 bullfrogs
  Dowan (D:7)
  3 scorpions
  A wyvern skeleton (D:8)
  15 killer bees (D:9)
  6 crimson imps
  2 bullfrog zombies
  7 hounds
  6 orc priests
  A jelly (D:11)
  2 bullfrog skeletons
  5 orc wizards
  3 centaur skeletons
  Terence (D:3)
  6 iguanas
  9 worker ants
  A hound skeleton (D:9)
  A howler monkey zombie (D:11)
  4 gnolls
  12 adders
  3 shadow imps
  5 oozes
  An adder zombie (D:7)
  2 adder skeletons
  2 worms (D:2)
  A dart slug (D:4)
  12 leopard geckos
  24 orcs
  12 giant cockroaches
  5 goblins
  12 hobgoblins
  6 jackals
  3 quokkas (D:3)
  2 ball pythons (D:3)
  2 bats (D:3)
  4 frilled lizards
  A giant cockroach zombie (D:6)
  11 kobolds
  2 quokka skeletons (D:4)
  4 rats
  A bush (D:11)
258 creatures vanquished.

Vanquished Creatures (others)
  2 slaves (D:8)
  An adder (D:8)
3 creatures vanquished.

Grand Total: 261 creatures vanquished

Notes
Turn   | Place    | Note
-------+----------+-------------------------------------------
     0 | D:1      | Mrkan the Minotaur Fighter began the quest for the Orb.
     0 | D:1      | Reached XP level 1. HP: 19/19 MP: 0/0
   104 | D:1      | Reached XP level 2. HP: 18/27 MP: 1/1
   300 | D:1      | Reached skill level 3 in Axes
   850 | D:2      | Reached XP level 3. HP: 32/33 MP: 2/2
  1015 | D:2      | Found an ornate altar of the Wu Jian Council.
  1028 | D:2      | Became a worshipper of the Wu Jian Council
  1199 | D:2      | Reached XP level 4. HP: 31/40 MP: 3/3
  1548 | D:3      | Reached skill level 4 in Axes
  1654 | D:3      | Reached * piety under Wu Jian
  1701 | D:3      | Found a stormy altar of Qazlal.
  1843 | D:3      | Found a shimmering altar of Xom.
  1845 | D:3      | Noticed an angel
  1848 | D:3      | Found a glowing silver altar of Zin.
  1917 | D:3      | Noticed Terence
  1927 | D:3      | Killed Terence
  1927 | D:3      | Reached XP level 5. HP: 43/47 MP: 4/4
  1998 | D:3      | You fall into a shaft and drop 3 floors!
  1998 | D:6      | Found a staircase to the Ecumenical Temple.
  2047 | D:6      | Found a shadowy altar of Dithmenos.
  2090 | D:6      | Noticed a centaur
  2110 | D:6      | Killed a centaur
  2110 | D:6      | Reached skill level 5 in Axes
  2110 | D:6      | Reached skill level 5 in Armour
  2110 | D:6      | Reached XP level 6. HP: 26/55 MP: 5/5
  2168 | D:6      | Reached skill level 5 in Fighting
  2338 | D:6      | Reached skill level 5 in Shields
  2361 | D:6      | Reached skill level 6 in Axes
  2361 | D:6      | Reached XP level 7. HP: 49/61 MP: 6/6
  2585 | D:6      | Found Fatairah's Weapon Emporium.
  2663 | D:6      | Found a sparkling altar of Nemelex Xobeh.
  2716 | D:5      | Entered Level 5 of the Dungeon
  2931 | D:5      | Reached skill level 7 in Axes
  2937 | D:5      | Noticed Prince Ribbit
  2939 | D:5      | Found a shattered altar of Ashenzari.
  2960 | D:5      | Killed Prince Ribbit
  2960 | D:5      | Reached XP level 8. HP: 10/70 MP: 7/7
  2963 | D:5      | Reached ** piety under Wu Jian
  3840 | D:4      | Reached skill level 8 in Axes
  3956 | D:4      | Noticed Sigmund
  3964 | D:4      | Killed Sigmund
  4066 | D:4      | Found an opulent altar of Gozag.
  4520 | D:3      | Reached skill level 9 in Axes
  4946 | D:7      | Noticed Duvessa
  4946 | D:7      | Noticed Dowan
  4960 | D:7      | Killed Duvessa
  4966 | D:7      | Killed Dowan
  4966 | D:7      | Reached XP level 9. HP: 74/79 MP: 8/8
  5209 | D:8      | Noticed Grum
  5209 | D:8      | Noticed Maurice
  5330 | D:7      | Reached *** piety under Wu Jian
  5336 | D:7      | Killed Maurice
  5336 | D:7      | Reached skill level 10 in Axes
  5587 | D:8      | Killed Grum
  5944 | D:8      | Noticed Joseph
  5947 | D:8      | Noticed Pikel
  5975 | D:8      | Killed Pikel
  6009 | D:8      | Killed Joseph
  6009 | D:8      | Reached skill level 11 in Axes
  6009 | D:8      | Reached XP level 10. HP: 30/90 MP: 9/9
  6234 | D:8      | Found a blossoming altar of Fedhas.
  6604 | D:8      | Found a bloodstained altar of Trog.
  6724 | D:9      | Noticed a manticore
  6734 | D:9      | Killed a manticore
  6756 | D:9      | HP: 4/90 [poisoned by a killer bee]
  7503 | D:9      | Noticed an elephant
  7504 | D:9      | Found a staircase to the Lair.
  7527 | D:9      | Reached **** piety under Wu Jian
  7546 | D:9      | Killed an elephant
  7562 | D:9      | Reached skill level 12 in Axes
  7794 | D:9      | Found a hazy altar of Hepliaklqana.
  8351 | D:9      | Noticed a two-headed ogre
  8359 | D:9      | Killed a two-headed ogre
  8744 | D:10     | Entered Level 10 of the Dungeon
  8872 | D:10     | Found Zattae's General Store.
  8927 | D:10     | Reached XP level 11. HP: 98/99 MP: 10/10
  8983 | D:10     | Reached skill level 10 in Armour
  9017 | D:10     | Reached skill level 10 in Fighting
  9041 | D:10     | Reached skill level 10 in Shields
  9375 | D:10     | Reached skill level 13 in Axes
  9415 | D:10     | Found a burning altar of Makhleb.
  9726 | D:11     | Reached ***** piety under Wu Jian
  9834 | D:11     | Noticed a cyan ugly thing
  9846 | D:11     | Killed a cyan ugly thing
  9943 | D:11     | Demolished by a manticore

Levels and vault maps discovered:
D:1:      dpeg_arrival_brainrot, layout_basic
D:2:      layout_basic, overflow_temple_1_default, minivault_5
D:3:      layout_rooms, grunt_temple_overflow_order_and_chaos_1,
          nicolae_overflow_crystal_walls, minmay_joined_circles, uniq_terence
D:4:      layout_gridville, lemuel_coloured_pillars_altar, first_ration,
          uniq_sigmund
D:5:      layout_loops_corners, old_standard_altar, uniq_prince_ribbit1
D:6:      layout_rooms, kennysheep_mini, nemelex_xobeh_ov_fountains_minmay,
          temple_fountains, serial_shops, kennysheep_little_box
D:7:      layout_loops_ring, lemuel_flamethrower_2, uniq_duvessa
D:8:      layout_cave_pools, kennysheep_mini_moat, lightli_temple_of_fire,
          uniq_grum, uniq_maurice, uniq_joseph, uniq_pikel
D:9:      layout_long_grid, overflow_temple_1_default, david_lair_generic,
          grunt_pizzeria, chequers_serial_rivers_large_b, minmay_liquid_box
D:10:     kb_forest_paths, layout_rooms, basic_altar, serial_shops, shop,
          billiards_dpeg
D:11:     layout_loops_corners, orc_0_dummy, gauntlet_entry_generic,
          biasface_ghost_orc_armoury, hangedman_decor_peaks_small,
          kb_lookout_dungeons_type, grunt_ministairs_1

Skill      XL: |  1  2  3  4  5  6  7  8  9 10 11 |
---------------+----------------------------------+-----
Axes           | 3 4 5 6 7 9 11 12 13 | 13.6
Armour         | 4 5 6 7 8 9 10 | 10.5
Fighting       | 4 5 6 7 8 9 10 | 10.5
Shields        | 4 5 6 7 8 9 10 | 10.4

Action                   |  1- 3 |  4- 6 |  7- 9 | 10-12 || total
-------------------------+-------+-------+-------+-------++-------
Melee: War axe           |    96 |    23 |       |       ||   119
       Headbutt          |    11 |    16 |    62 |   100 ||   189
       Hand axe          |       |   113 |   295 |    15 ||   423
       Unarmed           |       |       |     3 |     4 ||     7
       Broad axe         |       |       |       |   478 ||   478
Invok: Lunge             |       |     9 |    23 |    15 ||    47
       Whirlwind         |       |     9 |    12 |     7 ||    28
       Serpent's Lash    |       |       |       |     1 ||     1
  Use: Potion            |       |       |     1 |     6 ||     7
       Scroll            |       |       |       |    20 ||    20
  Eat: Chunk             |     1 |     4 |    11 |    16 ||    32
Armor: Scale mail        |    44 |    18 |       |       ||    62
       Chain mail        |       |    61 |   108 |   183 ||   352
       Skin              |       |       |     1 |       ||     1
Dodge: Dodged            |    26 |    34 |    44 |    86 ||   190
Block: Shield            |    46 |    68 |   123 |       ||   237
       Large shield      |       |       |       |   433 ||   433
